Map: Emerald City LE

Players

LOADBLASTER - Winner!

  • Race: Terran Terran
  • League: Master
  • Spawn Location: 5:00

PureLegacy - Winner!

  • Race: Terran Terran
  • Spawn Location: 5:00

Bubler

  • Race: Zerg Zerg
  • League: Master
  • Spawn Location: 11:00

Xelan

  • Race: Terran Terran
  • League: Master
  • Spawn Location: 11:00

VOD

Have the link to the VOD?

Description

Time

  • Played on: Nov. 26, 2018, 3:43 p.m.
  • Length: 10:41
Show
View Real Time Build Order
Export as new Build Order

LOADBLASTER Terran - Winner!

Build Orders: Hellion Banshee, Mech 

Get SALT Encoding   

  12  0:00  SCV  
  13  0:12  SCV  
  14  0:18  Supply Depot  
  14  0:25  SCV  
  15  0:39  SCV  
  15  0:41  Barracks  
  16  0:45  Refinery  
  16  0:51  SCV  
  17  1:03  SCV  
  18  1:15  SCV  
  19  1:28  Marine  
  19  1:29  Orbital Command  
  20  1:46  Command Center  
  20  1:57  Factory  
  20  2:01  SCV  
  20  2:04  Barracks Reactor  
  21  2:11  Supply Depot  
  21  2:16  SCV  
  21  2:21  Refinery  
  22  2:28  SCV  
  22  2:40  SCV  
  22  2:42  Starport  
  23  2:46  Hellion  
  23  2:47  Hellion  
  23  2:50  Barracks Tech Lab  
  27  2:53  SCV  
  28  3:01  Orbital Command  
  28  3:05  SCV  
  29  3:09  Hellion  
  31  3:15  Hellion  
  31  3:18  SCV  
  34  3:25  Medivac  
  36  3:28  SCV  
  36  3:30  SCV  
  36  3:33  Cloaking Field  
  38  3:40  SCV  
  39  3:42  Supply Depot, Hellion  
  39  3:44  SCV  
  42  3:49  Hellion  
  42  3:52  SCV  
  45  3:56  SCV  
  46  4:03  Banshee  
  46  4:04  SCV  
  46  4:05  Supply Depot  
  50  4:10  SCV  
  50  4:16  SCV  
  52  4:18  Hellion  
  52  4:19  Supply Depot  
  54  4:26  SCV  
  54  4:27  Hellion  
  54  4:28  SCV  
  58  4:34  Armory  
  58  4:38  SCV  
  58  4:40  SCV  
  58  4:50  Command Center  
  58  4:51  SCV  
  58  4:52  SCV  
  60  4:53  Barracks Tech Lab  
  60  5:00  Factory x2  
  60  5:02  Starport Reactor  
  60  5:03  Refinery x2, SCV  
  60  5:06  SCV  
  62  5:15  Hellion x2  
  62  5:16  SCV  
  62  5:18  SCV  
  62  5:21  Terran Vehicle Weapons Level 1  
  68  5:28  SCV  
  65  5:30  SCV  
  66  5:36  Hellion x2  
  66  5:41  SCV  
  66  5:42  SCV  
  69  5:49  Supply Depot  
  69  5:50  Supply Depot  
  69  5:53  SCV  
  70  6:02  Refinery, Thor x2  
  70  6:03  Orbital Command  
  82  6:06  Medivac  
  82  6:09  Refinery  
  84  6:14  SCV x2  
  86  6:24  Factory  
  86  6:26  Factory, SCV x2  
  86  6:30  SCV  
  89  6:38  Hellion, SCV x2  
  93  6:42  SCV  
  92  6:49  Siege Tank x2  
  92  6:50  SCV x2  
  92  6:54  SCV  
  100  6:56  Supply Depot  
  100  7:02  SCV  
  100  7:04  Supply Depot  
  100  7:05  Supply Depot  
  101  7:08  Factory Tech Lab  
  101  7:13  Hellion  
  101  7:14  SCV  
  94  7:15  SCV  
  94  7:18  SCV  
  94  7:20  Factory Reactor  
  94  7:21  Terran Vehicle Weapons Level 2  
  94  7:22  Armory  
  92  7:23  Viking  
  92  7:27  SCV  
  92  7:28  Siege Tank  
  99  7:33  Siege Tank  
  103  7:41  Liberator, Command Center  
  101  7:45  Siege Tank  
  101  7:46  Supply Depot  
  101  7:47  Infernal Pre-Igniter  
  104  8:00  Siege Tank  
  104  8:01  Hellion  
  104  8:02  Hellion  
  114  8:05  Supply Depot x2, SCV  
  114  8:06  SCV, Siege Tank  
  119  8:16  Hellion  
  119  8:17  Siege Tank  
  114  8:20  Viking  
  114  8:21  Hellion  
  114  8:23  SCV  
  114  8:25  Terran Vehicle And Ship Armor Level 1  
  114  8:26  Hellion  
  115  8:27  Supply Depot  
  115  8:29  Hellion  
  115  8:30  SCV  
  118  8:36  Siege Tank  
  121  8:41  Viking  
  121  8:42  Hellion  
  125  8:50  Viking, Hellion  
  125  8:53  Hellion, Engineering Bay, Siege Tank  
  134  8:58  SCV x3, Siege Tank  
  140  9:04  Supply Depot, Hellion  
  140  9:08  Siege Tank  
  145  9:11  Viking  
  145  9:13  Hellion, SCV  
  148  9:18  SCV  
  148  9:20  Viking  
  148  9:25  Siege Tank  
  148  9:26  Hellion  
  151  9:33  Planetary Fortress  
  151  9:34  Hellion, SCV  
  152  9:38  SCV  
  152  9:39  Refinery  
  152  9:40  Refinery  
  152  9:41  Viking  
  152  9:43  Hellion  
  160  9:46  Hellion  
  160  9:47  Hellion  
  160  9:52  Starport  
  161  9:55  Viking  
  161  9:57  Hellion  
  161  10:05  Hellion  
  153  10:11  Viking  
  157  10:18  Hellion  
  157  10:19  SCV x3  
  157  10:20  SCV  
  139  10:30  Starport Reactor  
Show
View Real Time Build Order
Export as new Build Order

PureLegacy Terran - Winner!

Build Orders: Reaper Expand 

Get SALT Encoding   

  12  0:01  SCV  
  13  0:13  SCV  
  14  0:19  Supply Depot  
  14  0:25  SCV  
  15  0:41  SCV  
  15  0:42  Barracks  
  16  0:45  Refinery  
  16  0:53  SCV  
  17  1:05  SCV  
  18  1:17  SCV  
  19  1:30  Reaper  
  19  1:31  Orbital Command  
  20  1:41  Command Center  
  20  1:50  Supply Depot  
  20  1:56  SCV  
  21  2:03  Barracks Reactor  
  21  2:09  SCV  
  22  2:19  Command Center  
  22  2:22  SCV  
  23  2:34  SCV  
  23  2:37  Barracks  
  24  2:41  Barracks  
  25  2:45  Marine  
  25  2:46  Marine  
  25  2:47  SCV  
  27  2:54  Orbital Command  
  27  2:59  SCV  
  27  3:05  Marine x2  
  30  3:09  Refinery  
  30  3:11  SCV  
  31  3:23  SCV  
  31  3:24  SCV  
  31  3:25  Barracks Tech Lab  
  31  3:26  Marine x2  
  34  3:28  Marine  
  34  3:32  Orbital Command  
  35  3:36  SCV  
  35  3:38  SCV  
  37  3:44  Stimpack  
  37  3:46  Marine  
  37  3:47  Marine x2  
  37  3:48  Marine  
  41  3:50  SCV  
  41  3:53  SCV  
  43  3:59  Factory, SCV  
  43  4:01  Orbital Command  
  43  4:02  SCV  
  45  4:05  SCV  
  45  4:09  Marine x2  
  47  4:10  Marine x2  
  47  4:13  Supply Depot  
  47  4:15  SCV  
  52  4:20  SCV  
  52  4:27  SCV x2  
  54  4:33  Barracks x2, SCV  
  54  4:36  Barracks Reactor  
  54  4:38  Supply Depot, Marine x3  
  55  4:44  SCV  
  60  4:47  Factory Reactor, Starport  
  60  4:50  SCV  
  60  4:56  Refinery  
  60  4:57  SCV  
  60  4:58  Refinery  
  61  5:03  Engineering Bay  
  61  5:04  Engineering Bay, SCV  
  62  5:07  Supply Depot  
  62  5:09  SCV, Orbital Command  
  62  5:14  Marine x4  
  63  5:16  SCV  
  68  5:21  SCV  
  68  5:22  Barracks Reactor  
  68  5:23  Barracks Tech Lab  
  68  5:25  Supply Depot  
  69  5:33  SCV x2  
  69  5:35  Terran Infantry Armor Level 1, Terran Infantry Weapons Level 1  
  71  5:38  SCV  
  71  5:41  Medivac  
  71  5:42  Medivac  
  76  5:45  SCV x2  
  76  5:49  Supply Depot  
  78  5:50  SCV  
  78  5:55  Concussive Shells, Combat Shield  
  79  5:57  SCV x2  
  79  5:58  Marine x5  
  79  6:00  Marine  
  79  6:02  Marauder  
  91  6:04  Marauder  
  91  6:05  SCV  
  91  6:10  Supply Depot  
  92  6:12  Supply Depot  
  92  6:16  SCV x2  
  92  6:18  SCV  
  95  6:20  Medivac x2  
  95  6:25  Supply Depot  
  99  6:28  Supply Depot, SCV x2  
  101  6:39  Supply Depot x2  
  96  6:42  SCV x3  
  99  6:49  Armory  
  88  7:02  Marine x4, Marauder x2  
  88  7:03  Marine  
  88  7:04  Medivac x2, Marine  
  88  7:06  SCV x3  
  99  7:10  Armory  
  99  7:17  Barracks  
  99  7:18  SCV  
  99  7:19  Barracks, SCV  
  99  7:21  Barracks  
  99  7:22  Command Center  
  101  7:29  Marauder x2  
  105  7:30  Marine x5  
  105  7:31  Marine  
  105  7:32  SCV  
  105  7:34  SCV  
  113  7:38  Refinery, SCV  
  113  7:39  Refinery  
  114  7:48  Sensor Tower  
  116  7:51  Terran Infantry Weapons Level 2, Terran Infantry Armor Level 2  
  116  7:53  Supply Depot  
  114  8:00  SCV x3  
  114  8:02  Missile Turret  
  114  8:03  Marine  
  114  8:04  Marine x4  
  122  8:07  Barracks Tech Lab x2  
  122  8:10  Marauder, Barracks Tech Lab  
  122  8:11  Marine x2  
  126  8:15  Supply Depot  
  126  8:19  Medivac x2  
  130  8:21  Marine x2  
  130  8:22  Marine x3  
  135  8:28  Marauder x2  
  135  8:30  Marauder  
  135  8:31  Missile Turret, Marauder  
  139  8:43  Marine x5  
  139  8:44  Marine, Marauder  
  135  8:48  Medivac  
  135  8:49  Medivac, Marauder x2  
  135  8:51  Marauder  
  135  8:53  Marauder  
  144  9:01  Marine  
  131  9:05  Marauder  
  131  9:07  Marine x3  
  131  9:08  Marine x2  
  113  9:11  Marauder x2  
  113  9:12  SCV x3, Marauder  
  113  9:13  Marine  
  123  9:18  Medivac, Marine  
  123  9:19  Medivac  
  123  9:22  Supply Depot  
  123  9:23  Planetary Fortress, Supply Depot  
  128  9:25  Marine x5  
  128  9:26  Marauder  
  128  9:28  Sensor Tower  
  135  9:35  Marauder x4  
  143  9:45  Missile Turret  
  143  9:47  Command Center  
  143  9:48  Medivac x2  
  143  9:52  SCV x2  
  149  9:53  SCV  
  149  9:55  Refinery  
  149  9:56  Refinery  
  129  10:09  Marine x5  
  129  10:10  Marine x2, Marauder x4  
  129  10:13  SCV x2  
  144  10:16  SCV  
  144  10:18  Supply Depot  
  144  10:19  SCV  
  146  10:23  Starport  
  146  10:26  Starport  
Show
View Real Time Build Order
Export as new Build Order

Bubler Zerg 

Build Orders: Hatch First 

Get SALT Encoding   

  12  0:00  Drone  
  13  0:12  Overlord  
  13  0:16  Drone  
  14  0:31  Drone  
  14  0:32  Drone  
  14  0:34  Drone  
  17  0:52  Hatchery  
  17  0:56  Drone  
  17  0:59  Drone  
  18  1:10  Extractor  
  17  1:14  Spawning Pool  
  17  1:16  Drone  
  17  1:20  Drone  
  18  1:27  Drone  
  19  1:40  Drone  
  20  1:49  Overlord  
  20  2:04  Queen x2  
  20  2:05  Zergling x4  
  26  2:13  Metabolic Boost  
  26  2:15  Drone x2  
  28  2:21  Drone  
  28  2:47  Drone x4  
  28  2:50  Overlord  
  32  2:54  Hatchery  
  31  2:59  Queen  
  31  3:02  Drone x2  
  35  3:12  Drone x2  
  37  3:24  Overlord  
  37  3:25  Drone x3  
  40  3:29  Drone  
  40  3:30  Overlord  
  41  3:48  Drone x2  
  43  3:50  Extractor x2  
  43  3:52  Lair, Evolution Chamber  
  43  3:53  Evolution Chamber  
  43  3:54  Drone x5  
  44  4:07  Queen  
  44  4:09  Drone x4  
  52  4:10  Drone x2  
  52  4:14  Drone  
  52  4:16  Overlord  
  53  4:23  Drone  
  53  4:24  Drone x3  
  57  4:33  Zergling x2  
  57  4:34  Zergling x4  
  57  4:37  Baneling Nest, Zerg Melee Weapons Level 1  
  52  4:52  Drone x5  
  57  4:53  Drone  
  57  4:54  Spore Crawler  
  57  4:58  Zerg Ground Armor Level 1  
  57  5:09  Drone  
  57  5:10  Drone x6  
  64  5:20  Centrifical Hooks  
  64  5:29  Spore Crawler  
  64  5:30  Overseer  
  64  5:32  Spore Crawler  
  62  5:37  Overseer  
  62  5:39  Drone  
  62  5:40  Drone x5  
  62  5:41  Extractor  
  62  5:42  Extractor  
  66  5:55  Drone x3  
  66  5:56  Drone  
  70  5:58  Drone x3  
  70  5:59  Drone  
  70  6:00  Overlord x2  
  70  6:01  Hatchery  
  70  6:03  Baneling x5  
  70  6:04  Baneling x3  
  73  6:11  Infestation Pit  
  72  6:14  Drone x2  
  74  6:28  Overlord x5  
  74  6:30  Zergling x14  
  80  6:42  Zergling x2  
  80  6:43  Zerg Melee Weapons Level 2, Zergling x10  
  86  6:47  Hive  
  83  6:57  Zergling x20  
  89  7:06  Pneumatized Carapace  
  89  7:07  Burrow  
  80  7:17  Drone  
  80  7:18  Drone x6  
  87  7:31  Drone  
  87  7:32  Spore Crawler, Drone x6  
  93  7:40  Zerg Ground Armor Level 2  
  94  7:44  Drone x2  
  94  7:47  Drone  
  94  7:48  Drone  
  97  7:54  Zergling x10  
  102  8:04  Spore Crawler  
  101  8:06  Spore Crawler, Zergling x2  
  101  8:07  Zergling x10  
  104  8:14  Spire  
  100  8:22  Queen, Extractor  
  100  8:24  Extractor  
  99  8:30  Drone x2  
  99  8:31  Drone  
  97  8:34  Adrenal Glands  
  97  8:35  Ultralisk Cavern  
  88  8:53  Spore Crawler  
  87  8:59  Zergling x10  
  87  9:00  Zergling x18  
  87  9:01  Swarm Host  
  96  9:05  Hatchery  
  87  9:17  Queen  
  84  9:18  Baneling x2  
  84  9:19  Baneling x2  
  86  9:27  Zergling x2  
  87  9:32  Baneling  
  87  9:33  Baneling x13  
  61  10:24  Hatchery  
Show
View Real Time Build Order
Export as new Build Order

Xelan Terran 

Build Orders: Gas First Reaper Expand, Hellion Opening 

Get SALT Encoding   

  12  0:00  SCV  
  13  0:12  SCV  
  14  0:17  Supply Depot  
  14  0:25  SCV  
  15  0:28  Refinery  
  15  0:39  SCV  
  16  0:45  Barracks  
  16  0:51  SCV  
  17  1:03  SCV  
  18  1:15  SCV  
  19  1:31  Orbital Command  
  19  1:32  Reaper  
  20  1:43  Command Center  
  20  1:54  Factory  
  20  1:57  SCV  
  21  2:02  Refinery  
  21  2:07  Barracks Reactor  
  21  2:09  SCV  
  22  2:17  Supply Depot  
  22  2:21  SCV  
  23  2:38  SCV  
  24  2:51  Hellion x2, SCV  
  29  2:55  Orbital Command  
  29  3:03  SCV  
  29  3:04  Factory  
  30  3:07  Barracks Tech Lab  
  30  3:12  Hellion  
  32  3:14  Hellion  
  32  3:15  SCV  
  34  3:22  SCV  
  35  3:27  SCV  
  36  3:34  SCV  
  36  3:36  Hellion x2  
  41  3:41  Starport  
  41  3:42  SCV  
  41  3:46  SCV  
  43  3:54  SCV  
  44  3:59  Supply Depot  
  44  4:01  Hellion  
  46  4:08  Supply Depot  
  46  4:11  Cyclone, Hellion, SCV x2  
  46  4:14  Refinery  
  53  4:21  Medivac  
  53  4:23  Supply Depot, SCV  
  56  4:28  SCV  
  57  4:35  SCV  
  57  4:36  Hellion  
  60  4:40  SCV  
  60  4:44  Cyclone  
  63  4:47  SCV  
  63  4:50  Supply Depot  
  64  4:53  SCV  
  65  5:00  Refinery  
  65  5:03  SCV  
  65  5:05  SCV  
  67  5:09  Starport Reactor, Hellion x2  
  67  5:10  Armory  
  71  5:15  SCV  
  71  5:17  SCV  
  71  5:18  Cyclone  
  76  5:27  SCV  
  76  5:29  SCV  
  76  5:32  Hellion x2  
  80  5:43  SCV x2  
  82  5:51  Cyclone  
  85  5:59  Supply Depot  
  85  6:00  Supply Depot  
  85  6:03  Terran Vehicle Weapons Level 1  
  85  6:07  Supply Depot  
  85  6:08  SCV  
  86  6:18  Command Center  
  86  6:20  Viking x2  
  86  6:21  Hellion x2  
  86  6:24  Cyclone  
  97  6:27  SCV x2  
  99  6:40  Marine  
  100  6:53  SCV x2  
  94  6:56  Cyclone  
  94  6:57  Factory  
  94  6:58  Marine  
  96  7:01  Hellion x2  
  96  7:06  Viking x2  
  100  7:10  Supply Depot  
  100  7:12  SCV x2  
  102  7:15  Marine  
  102  7:19  Factory  
  102  7:21  Factory, Armory  
  103  7:28  Supply Depot  
  103  7:29  Cyclone, SCV  
  107  7:30  Supply Depot  
  107  7:43  Viking x2, Hellion x2  
  115  7:48  Orbital Command  
  115  7:50  SCV x2  
  117  7:59  Factory Tech Lab  
  117  8:02  SCV  
  117  8:03  SCV  
  117  8:05  Factory Tech Lab  
  119  8:06  Factory Tech Lab  
  119  8:07  Terran Vehicle Weapons Level 2, Supply Depot  
  119  8:08  Supply Depot  
  118  8:23  Hellion, Siege Tank x2  
  118  8:24  SCV, Siege Tank  
  118  8:25  SCV x2  
  132  8:29  Terran Vehicle And Ship Armor Level 1  
  132  8:30  Siege Tank  
  131  8:45  SCV  
  131  8:46  SCV x2  
  125  8:55  Siege Tank x2  
  131  8:58  SCV, Siege Tank  
  131  8:59  Hellion x2  
  131  9:01  SCV x2  
  124  9:02  Hellion  
  124  9:03  Refinery  
  124  9:04  Refinery  
  124  9:10  Supply Depot, SCV  
  124  9:11  Supply Depot  
  124  9:12  Viking x2  
  124  9:13  SCV x2  
  131  9:22  SCV  
  124  9:26  Hellion, Siege Tank  
  127  9:33  Hellion x3  
  127  9:35  SCV x2  
  135  9:42  Viking  
  124  9:46  Viking  
  124  9:51  Siege Tank  
  124  9:52  Hellion  
  129  9:54  Hellion  
  129  9:57  SCV  
  127  10:02  Siege Tank x2  
  127  10:06  Hellion  
  127  10:13  Hellion  
Tags
 
Add a new tag
Caveats
  • Supply blocks, unpowered buildings, or Contaminate may cause inaccurate times.
  • Supply counts are checked every 10 seconds.